 Dungeon Crawl Stone Soup version 0.31.0-32-g396128a36d (webtiles) character file.

Game seed: 4763882818500187058

123659 Query42 the Stormcaller (level 16, -3/92 HPs)
             Began as a Tengu Air Elementalist on Apr 1, 2024.
             Was the Champion of Vehumet.
             Slain by a bunyip (28 damage)
             ... on level 1 of the Swamp on Apr 2, 2024.
             The game lasted 03:31:01 (32730 turns).

Query42 the Stormcaller (Tengu Air Elementalist)   Turns: 32730, Time: 03:31:07

Health: -3/92      AC:  5    Str:  8 (9)  XL:     16   Next: 91%
Magic:  31/44      EV: 25    Int: 24 (25) God:    Vehumet [******]
Gold:   1338       SH:  0    Dex: 18      Spells: 5/43 levels left

rFire   . . .        i - staff of conjuration
rCold   + . .        (no shield)
rNeg    . . .        K - +0 troll leather armour
rPois   .            I - +1 hat
rElec   .            q - scarf {+Inv}
rCorr   .            w - +0 pair of gloves
SInv    +            (boots unavailable)
Will    +....        (no amulet)
Stlth   ++++         M - ring "Bawisk" {MP+9 EV+5 Int+2 Dex+3}
HPRegen 1.15/turn    y - ring of see invisible
MPRegen 0.29/turn

%: acrobat
@: flying
A: beak, talons 3, evasive flight, acrobatic, cold resistance 1
a: Renounce Religion, Evoke Invisibility


You were on level 1 of the Swamp.
You worshipped Vehumet.
Vehumet was exalted by your worship.
You visited 6 branches of the dungeon, and saw 25 of its levels.
You also visited: Bailey.

You collected 2424 gold pieces.
You spent 1086 gold pieces at shops.

Inventory:

Hand Weapons
 N - the +6 dagger "Nuxabliv" {drain, rElec rCorr}
   (You took it off an orc warrior in a bailey)

   rElec:     It insulates you from electricity.
   rCorr:     It protects you from acid and corrosion.
Missiles
 V - 2 curare-tipped darts
Armour
 q - a scarf of invisibility (worn)
 w - a +0 pair of gloves (worn)
 I - a +1 hat (worn)
 K - a +0 troll leather armour (worn)
 W - the +4 scale mail of Rationality {rN+++ Will++ rCorr Dex-5}
   (You found it on level 4 of the Lair of Beasts)

   Dex-5:     It affects your dexterity (-5).
   rN+++:     It renders you almost immune to negative energy.
   Will++:    It greatly increases your willpower.
   rCorr:     It protects you from acid and corrosion.
Magical Staves
 i - a staff of conjuration (weapon)
Jewellery
 l - a ring of wizardry
 v - a ring of resist corrosion
 y - a ring of see invisible (right hand)
 M - the ring "Bawisk" (left hand) {MP+9 EV+5 Int+2 Dex+3}
   (You acquired it on level 9 of the Dungeon)

   [ring of evasion]

   EV+5:      It affects your evasion (+5).
   Int+2:     It affects your intelligence (+2).
   Dex+3:     It affects your dexterity (+3).
   MP+9:      It affects your magic capacity (+9).
Wands
 m - a wand of charming (5)
 x - a wand of digging (9)
 A - a wand of quicksilver (27)
 C - a wand of roots (26)
 T - a wand of polymorph (8)
Scrolls
 f - 5 scrolls of revelation
 n - 5 scrolls of poison
 o - a scroll of silence
 r - 5 scrolls of teleportation
 s - 3 scrolls of blinking
 t - 2 scrolls of fear
 B - a scroll of summoning
 E - 2 scrolls of fog
 F - 2 scrolls of brand weapon
 L - 5 scrolls of enchant weapon
 P - 2 scrolls of amnesia
 Q - 5 scrolls of immolation
 R - a scroll of torment
 X - 2 scrolls of vulnerability
 Z - a scroll of enchant armour
Potions
 b - 2 potions of magic
 d - 6 potions of attraction
 e - a potion of heal wounds
 g - a potion of invisibility
 h - 5 potions of might
 j - a potion of experience {unknown}
 k - a potion of curing
 p - 3 potions of lignification
 u - a potion of degeneration
 z - 6 potions of ambrosia
 D - 4 potions of mutation
 G - 2 potions of enlightenment
 H - 2 potions of brilliance {unknown}
 J - 4 potions of berserk rage
 O - 4 potions of resistance
 Y - 5 potions of haste
Miscellaneous
 a - a lightning rod (4/4)
 c - a sack of spiders
 U - a phial of floods


   Skills:
 - Level 7.0 Fighting
 + Level 2.6 Staves
 - Level 8.2 Dodging
 - Level 8.1 Stealth
 - Level 14.0 Spellcasting
 - Level 14.0 Conjurations
 - Level 2.7 Necromancy
 - Level 7.0 Fire Magic
 - Level 20.0 Air Magic
 - Level 12.0 Evocations


You had 5 spell levels left.
You knew the following spells:

 Your Spells              Type           Power      Damage    Failure   Level
a - Shock                 Conj/Air       100%       1d9       0%          1
b - Static Discharge      Conj/Air       100%       3-8/arc   0%          2
c - Swiftness             Air            85%        N/A       0%          3
d - Airstrike             Air            42%        2d(7-23)  0%          4
e - Dazzling Flash        Conj/Hex       100%       N/A       1%          3
f - Sublimation of Blood  Necr           30%        N/A       2%          2
g - Mephitic Cloud        Conj/Alch/Air  82%        N/A       1%          3
h - Fireball              Conj/Fire      39%        3d16      1%          5
i - Summon Lightning Spi  Summ/Air       59%        N/A       1%          4
j - Freezing Cloud        Conj/Ice/Air   41%        6-21      1%          5
k - Plasma Beam           Fire/Air       34%        2x1d47    1%          6

Your spell library contained the following spells:

 Spells                   Type           Power      Damage    Failure   Level
 Orb of Destruction       Conj           45%        9d12      4%          7
 Freeze                   Ice            64%        1d7       1%          1
 Sandblast                Erth           32%        2d9       1%          1
 Hailstorm                Conj/Ice       66%        3d12      1%          3
 Irradiate                Conj/Alch      33%        3d22      2%          5
 Silence                  Hex/Air        29%        N/A       2%          5
 Apportation              Tloc           32%        N/A       4%          1
 Frozen Ramparts          Ice            32%        1d5       4%          3
 Ensorcelled Hibernation  Hex/Ice        32%        N/A       8%          2
 Jinxbite                 Hex            32%        N/A       8%          2
 Confusing Touch          Hex            16%        N/A       16%         3
 Passwall                 Erth           16%        N/A       16%         3
 Lee's Rapid Deconstruct  Erth           8%         3d7*      32%         5
 Cause Fear               Hex            8%         N/A       45%         4
 Leda's Liquefaction      Alch/Erth      8%         N/A       45%         4
 Petrify                  Alch/Erth      16%        N/A       45%         4
 Alistair's Intoxication  Alch           10%        N/A       80%         5
 Bombard                  Conj/Erth      33%        9d6       12%         6
 Spellforged Servitor     Conj/Summ      33%        N/A       50%         7
 Dragon's Call            Summ           8%         N/A       100%        9
 Shatter                  Erth           8%         3d10*     100%        9


Dungeon Overview and Level Annotations

Branches:
Dungeon (15/15)            Temple (1/1) D:4            Lair (5/5) D:11
  Swamp (1/4) Lair:2       Spider (1/4) Lair:2        Slime (0/5) Lair:4
    Orc (2/2) D:10            Elf (0/3) Orc:2        Vaults (0/5) D:13
 Depths (0/4) D:15         Bailey (visited)

Altars:
Ashenzari
Cheibriados
Dithmenos
Elyvilon
Fedhas
Gozag
Hepliaklqana
Kikubaaqudgha
Makhleb
Nemelex Xobeh
Okawaru
Qazlal
Ru
Sif Muna
Trog
Uskayaw
Vehumet
Wu Jian
Xom
Yredelemnul
Zin
The Shining One
Jiyva
Lugonu

Shops:
D:14 *   Orc:1 !   Orc:2 :*[(

Portals:
Trove: D:15 (give +5 demon blade)

Annotations:
D:4 4 runed translucent doors, Crazy Yiuf; flammie80's ghost, weakling FoMo
D:11 3 runed translucent doors, jimmypageman's ghost, journeyman GnWn
D:14 3 runed translucent doors, metalburner8's ghost, journeyman DrIE
Lair:2 1 runed translucent door, community's ghost, journeyman HOFi
Lair:4 exclusion: downstairs
Orc:2 1 runed translucent door, Egg's ghost, journeyman OpAl


Innate Abilities, Weirdness & Mutations

You have a beak for a mouth.
You have claws for feet.
Your magical flight helps you evade attacks. (EV +4)
You can magically evade attacks while moving or waiting.
Your flesh is cold resistant. (rC+)


Message History

You kill the swamp worm!
Vehumet accepts your kill.
You feel your power returning.
You hear a shout!
An alligator comes into view.
The bolt of lightning hits the alligator!!
The alligator is heavily wounded.
The fiery plasma misses the alligator.
You hear an angry buzzing noise. x2
The alligator is engulfed in a cloud of scalding steam.
The alligator is engulfed in blazing flames.
Your lightning spire shoots out a bolt of lightning at the alligator!
The bolt of electricity hits the alligator!
Casting: Plasma Beam (dangerous; 1% risk of failure)
Confirm with . or Enter, or press ? or * to list all spells.
Aiming: Airstrike (safe; 0% risk of failure)
Press: ? - help, Dir - move target, f - alligator
Aim: an alligator (flame, almost dead, not watching you, ally target, empty space bonus: 6/8)
The air twists around and strikes the alligator!
The alligator is almost dead.
The alligator is engulfed in blazing flames.
You kill the alligator!
Vehumet accepts your kill.
You feel your power returning.
You hear an angry buzzing noise. x2
A bunyip comes into view.
Your lightning spire shoots out a bolt of lightning at the bunyip!
The bolt of electricity hits the bunyip!
Press: ? - help, v - describe, . - travel
Here: a bunyip (lightly wounded, not watching you, ally target)
The floor.
Your lightning spire shoots out a bolt of lightning at the bunyip!
The bolt of electricity hits the bunyip! x2
You strike the helpless bunyip from behind!
You hit the bunyip. Your kick misses the bunyip.
The bunyip is heavily wounded.
The bunyip claws you!!
* * * LOW HITPOINT WARNING * * *
The bunyip claws you!!
You die...

♣§♣♣♣ ♣...♣
♣.~~♣♣♣ ♣....~ ♣
♣♣.~.. ~.~ ♣~...
.~~.♣♣.$.♣ [
.~~.~.8x@♣♣§§~~
......~<§☼~§~~~.
...♣♣...~°°~~...
♣~.~○~§~...♣
♣♣♣♣♣♣♣♣♣~♣♣ ♣


You could see a bunyip (ally target) and a friendly lightning spire (summoned).

Vanquished Creatures
  Mlioglotl (Spider:1)
  An emperor scorpion (Spider:1)
  2 ghost moths (Spider:1)
  An ironbound preserver (D:13)
  Louise (D:15)
  A spark wasp (Spider:1)
  A dire elephant (Lair:5)
  Snorg (D:10)
  5 hydras
  A radroach (Spider:1)
  A catoblepas (Lair:5)
  4 ogre magi
  An alligator (Swamp:1)
  3 centaur warriors (D:15)
  A merfolk avatar (Lair:5)
  A boulder beetle (Lair:2)
  17 two-headed ogres
  A tengu warrior (D:15)
  4 death yaks
  Urug (Lair:4)
  An orc high priest (Orc:1)
  Sonja (Lair:4)
  Nergalle (Orc:1)
  3 pharaoh ants (Spider:1)
  2 skysharks (Lair:5)
  A flayed ghost (D:15)
  A sea snake (Lair:5)
  An orb spider (Spider:1)
  A bog body (Lair:2)
  A necromancer (D:15)
  3 harpies (Lair:5)
  3 orc knights
  A deep elf pyromancer (D:12)
  5 wolf spiders (Spider:1)
  9 ugly things
  3 cyclopes
  6 manticores
  6 black mambas
  3 meliai (D:14)
  A black mamba (shapeshifter) (D:13)
  8 elephants
  A gargoyle (D:13)
  5 cane toads
  A molten gargoyle (Lair:4)
  An unseen horror (D:12)
  3 rime drakes
  A tengu conjurer (D:15)
  7 komodo dragons
  A queen bee (D:11)
  4 trolls
  3 polar bears
  5 tarantellas (Spider:1)
  A tarantella (shapeshifter) (D:14)
  3 blink frogs (Lair:4)
  8 dream sheep (Lair:5)
  6 jumping spiders (Spider:1)
  29 yaks
  A slime creature (D:13)
  3 shadows
  9 culicivoras (Spider:1)
  A wraith (D:10)
  A warg (Orc:2)
  4 wyverns
  6 basilisks
  9 redbacks (Spider:1)
  4 steam dragons
  3 acid dragons
  A swamp worm (Swamp:1)
  17 water moccasins
  25 orc warriors
  3 sky beasts
  A laughing skull (D:12)
  13 wolves
  20 ogres
  21 centaurs
  3 phantoms
  2 kobold brigands
  A gnoll sergeant (D:12)
  9 bullfrogs
  6 scorpions (Lair:2)
  8 wights
  21 killer bees
  4 lava snakes (Lair:4)
  3 bombardier beetles
  4 hounds
  3 jellies
  8 orc priests
  A gnoll bouda (D:7)
  Jessica (D:2)
  5 iguanas
  15 orc wizards
  12 hell rats
  15 gnolls
  8 adders
  2 shadow imps (D:8)
  A white imp (D:7)
  2 ribbon worms
  2 dart slugs
  38 orcs
  8 bats
  7 endoplasms
  3 giant cockroaches
  17 goblins
  8 hobgoblins
  11 jackals
  19 kobolds
  4 quokkas
  7 ball pythons
  A frilled lizard (D:1)
  A nameless horror (Lair:1)
  3 rats
  A butterfly (Lair:3)
595 creatures vanquished.

Vanquished Creatures (collateral kills)
  An entropy weaver (Spider:1)
  3 hydras
  An ogre mage (Orc:2)
  A centaur warrior (D:13)
  A catoblepas (Lair:5)
  3 death yaks
  4 two-headed ogres (Orc:2)
  A boulder beetle (D:13)
  A sphinx skeleton (D:15)
  A tengu warrior (D:13)
  5 skeletal warriors (D:15)
  A storm dragon skeleton (D:15)
  A harpy (Lair:5)
  2 orc knights
  A deep elf pyromancer (D:14)
  2 cyclopes
  A steelbarb worm (Spider:1)
  7 ugly things
  2 manticores
  4 elephants
  A molten gargoyle (Lair:4)
  A black mamba (Lair:3)
  A freezing wraith (D:14)
  6 komodo dragons
  2 polar bears (Lair:5)
  A spriggan zombie (D:15)
  A blink frog (Lair:4)
  A hornet (Lair:5)
  4 trolls
  3 tarantellas (Spider:1)
  A snapping turtle (Lair:5)
  4 dream sheep (Lair:5)
  2 culicivoras (Spider:1)
  A jumping spider (Spider:1)
  A wraith (D:14)
  A wyvern (Lair:4)
  18 yaks
  A warg (Orc:2)
  A basilisk (Lair:2)
  6 redbacks (Spider:1)
  A water moccasin (Lair:2)
  9 orc warriors
  A laughing skull (D:12)
  15 ogres
  8 wolves
  3 centaurs (D:15)
  2 killer bees (D:11)
  A lava snake (Lair:4)
  An orc priest (Orc:1)
  2 jellies (Lair:4)
  2 orc wizards
  4 hell rats
  A gnoll (D:12)
  6 orcs
  A butterfly (Lair:3)
157 creatures vanquished.

Grand Total: 752 creatures vanquished

Notes
Turn   | Place    | Note
-------+----------+-------------------------------------------
     0 | D:1      | Query42 the Tengu Air Elementalist began the quest for the
                  | Orb.
     0 | D:1      | Reached XP level 1. HP: 10/10 MP: 4/4
   295 | D:1      | Reached XP level 2. HP: 15/15 MP: 3/6
   339 | D:1      | Found a faded altar of an unknown god.
   729 | D:1      | Reached XP level 3. HP: 19/19 MP: 5/7
   843 | D:1      | Learned a level 2 spell: Static Discharge
   848 | D:1      | Learned a level 3 spell: Swiftness
  1259 | D:2      | Reached skill level 5 in Air Magic
  1471 | D:2      | Reached XP level 4. HP: 24/24 MP: 4/8
  1738 | D:2      | Noticed Jessica
  1751 | D:2      | Killed Jessica
  1802 | D:2      | Found a glowing silver altar of Zin.
  2002 | D:2      | Reached XP level 5. HP: 28/28 MP: 5/10
  2007 | D:2      | Learned a level 4 spell: Airstrike
  3415 | D:3      | Reached skill level 6 in Air Magic
  3415 | D:3      | Reached XP level 6. HP: 32/32 MP: 6/12
  3761 | D:4      | Found a runed translucent gate.
  3761 | D:4      | Found a runed translucent gate.
  3761 | D:4      | Found a runed translucent gate.
  3762 | D:4      | Noticed flammie80's ghost (weakling FoMo)
  3970 | D:4      | Found a staircase to the Ecumenical Temple.
  3985 | Temple   | Entered the Ecumenical Temple
  3999 | Temple   | Became a worshipper of Vehumet
  4096 | D:4      | Reached skill level 5 in Spellcasting
  4096 | D:4      | Gained mutation: Your magical flight helps you evade
                  | attacks. (EV +4) [Tengu growth]
  4096 | D:4      | Reached XP level 7. HP: 36/36 MP: 9/15
  4272 | D:4      | Found a runed translucent door.
  4273 | D:4      | Noticed Crazy Yiuf
  4333 | D:5      | Entered Level 5 of the Dungeon
  4350 | D:5      | Identified a scroll of acquirement
  4351 | D:5      | Acquired a staff of conjuration
  4552 | D:5      | Reached skill level 7 in Air Magic
  4778 | D:5      | Found a sparkling altar of Nemelex Xobeh.
  5180 | D:5      | Found an opulent altar of Gozag.
  5465 | D:6      | Reached XP level 8. HP: 16/41 MP: 9/18
  5670 | D:6      | Reached skill level 8 in Air Magic
  5729 | D:6      | Reached * piety under Vehumet
  5729 | D:6      | Offered knowledge of Sting by Vehumet.
  5818 | D:6      | Found a bloodstained altar of Trog.
  5818 | D:6      | Found a glowing silver altar of Zin.
  5818 | D:6      | Found a stormy altar of Qazlal.
  5873 | D:6      | Found a white marble altar of Elyvilon.
  6616 | D:7      | Reached skill level 9 in Air Magic
  7082 | D:7      | Reached XP level 9. HP: 35/45 MP: 20/22
  7118 | D:7      | Found an iron altar of Okawaru.
  7118 | D:7      | Found a burning altar of Makhleb.
  7125 | D:7      | Found a shadowy altar of Dithmenos.
  7127 | D:7      | Found a blossoming altar of Fedhas.
  7129 | D:7      | Found a hide-covered altar of Uskayaw.
  7285 | D:7      | Found a shimmering blue altar of Sif Muna.
  7336 | D:7      | Identified the +2 quarterstaff "Puarph" {flame, SInv}
  7482 | D:7      | Reached skill level 1 in Fighting
  7931 | D:8      | Reached skill level 10 in Air Magic
  8175 | D:8      | Found a sacrificial altar of Ru.
  8652 | D:9      | Found an ornate altar of the Wu Jian Council.
  8749 | D:9      | Acquired the ring "Bawisk" {MP+9 EV+5 Int+2 Dex+3}
  8950 | D:9      | Found a flagged portal.
  9033 | Bailey   | Entered a bailey
  9080 | Bailey   | Offered knowledge of Sandblast by Vehumet.
  9081 | Bailey   | Reached ** piety under Vehumet
  9328 | Bailey   | Reached XP level 10. HP: 54/56 MP: 23/23
  9365 | Bailey   | Reached skill level 5 in Dodging
  9391 | Bailey   | Reached skill level 5 in Stealth
  9474 | Bailey   | Reached skill level 11 in Air Magic
  9579 | Bailey   | Identified the +6 dagger "Nuxabliv" {drain, rElec rCorr}
  9657 | Bailey   | Offered knowledge of Dazzling Flash by Vehumet.
  9662 | Bailey   | Learned a level 3 spell: Dazzling Flash
  9722 | Bailey   | Noticed an orc knight
  9737 | Bailey   | Killed an orc knight
  9880 | Bailey   | Noticed an orc warlord
 10085 | D:9      | Reached skill level 5 in Fighting
 10131 | D:9      | Reached *** piety under Vehumet
 10298 | D:9      | Found a hazy altar of Hepliaklqana.
 10397 | D:10     | Entered Level 10 of the Dungeon
 10413 | D:10     | Found a staircase to the Orcish Mines.
 10642 | D:10     | Reached skill level 12 in Air Magic
 10810 | D:10     | Reached XP level 11. HP: 51/64 MP: 16/24
 10882 | D:10     | Found a snail-covered altar of Cheibriados.
 10897 | D:10     | Learned a level 2 spell: Sublimation of Blood
 11011 | D:10     | Noticed Snorg
 11153 | D:10     | Offered knowledge of Mephitic Cloud by Vehumet.
 11162 | D:10     | Learned a level 3 spell: Mephitic Cloud
 11540 | D:10     | Killed Snorg
 11687 | D:11     | Noticed a manticore
 11693 | D:11     | Noticed a cyclops
 11796 | D:11     | Noticed a cyclops
 11804 | D:11     | Killed a cyclops
 11971 | D:11     | Found a runed translucent gate.
 12071 | D:11     | Noticed a two-headed ogre
 12084 | D:11     | Killed a two-headed ogre
 12085 | D:11     | Reached skill level 13 in Air Magic
 12187 | D:11     | Found a runed translucent gate.
 12187 | D:11     | Found a runed translucent gate.
 12188 | D:11     | Noticed jimmypageman's ghost (journeyman GnWn)
 12204 | D:11     | Noticed a two-headed ogre
 12214 | D:11     | Found a staircase to the Lair.
 12223 | D:11     | Noticed a two-headed ogre
 12232 | Lair:1   | Entered Level 1 of the Lair of Beasts
 12251 | Lair:1   | Reached skill level 1 in Necromancy
 12337 | Lair:1   | Reached skill level 1 in Evocations
 12386 | Lair:1   | Identified the +3 scale mail of the Constellations {Will+}
 12435 | Lair:1   | Reached **** piety under Vehumet
 12562 | Lair:1   | Offered knowledge of Fireball by Vehumet.
 12569 | Lair:1   | Learned a level 5 spell: Fireball
 12819 | Lair:1   | Reached skill level 1 in Fire Magic
 12833 | Lair:1   | Reached skill level 5 in Conjurations
 12922 | Lair:1   | Reached XP level 12. HP: 68/71 MP: 25/25
 13023 | Lair:1   | Learned a level 4 spell: Summon Lightning Spire
 13470 | Lair:1   | Noticed a death yak
 13498 | Lair:1   | Killed a death yak
 13614 | Lair:1   | Noticed a seven-headed hydra
 13645 | Lair:1   | Killed a seven-headed hydra
 13971 | D:11     | Reached ***** piety under Vehumet
 14082 | D:11     | Offered knowledge of Freezing Cloud by Vehumet.
 14090 | D:11     | Killed a two-headed ogre
 14094 | D:11     | Killed a two-headed ogre
 14181 | D:11     | Reached skill level 5 in Fire Magic
 14597 | Lair:2   | Reached skill level 10 in Spellcasting
 15009 | Lair:2   | Reached XP level 13. HP: 72/76 MP: 27/28
 15054 | Lair:2   | Found a runed translucent door.
 15054 | Lair:2   | Noticed community's ghost (journeyman HOFi)
 15149 | Lair:2   | Learned a level 5 spell: Freezing Cloud
 15464 | Lair:2   | Found a hole to the Spider Nest.
 15668 | Lair:2   | Offered knowledge of Flame Wave by Vehumet.
 16335 | Lair:2   | Found a staircase to the Swamp.
 17597 | Lair:3   | Reached skill level 14 in Air Magic
 18021 | Lair:4   | Noticed Sonja
 18027 | Lair:4   | Killed Sonja
 18049 | Lair:4   | Identified the +4 scale mail of Rationality {rN+++ Will++
                  | rCorr Dex-5}
 18196 | Lair:4   | Noticed Urug
 18200 | Lair:4   | Killed Urug
 18713 | Lair:4   | Found a staircase to the Slime Pits.
 18814 | Lair:3   | Gained mutation: Your flesh is cold resistant. (rC+)
                  | [potion of mutation]
 19161 | Lair:4   | Found a viscous altar of Jiyva.
 19175 | Lair:4   | Reached XP level 14. HP: 80/80 MP: 30/32
 19393 | Lair:5   | Entered Level 5 of the Lair of Beasts
 20717 | D:12     | Reached skill level 15 in Air Magic
 21358 | D:13     | Noticed an ironbound preserver
 21366 | D:13     | Killed an ironbound preserver
 21456 | D:13     | Found a gate to the Vaults.
 21471 | D:13     | Reached skill level 10 in Conjurations
 22039 | D:13     | Offered knowledge of Conjure Ball Lightning by Vehumet.
 22129 | D:14     | Reached skill level 16 in Air Magic
 22378 | D:14     | Found Gozag's Platinum Reserve.
 22379 | D:14     | Found an opulent altar of Gozag.
 22622 | D:14     | Found a runed translucent gate.
 22622 | D:14     | Found a runed translucent gate.
 22622 | D:14     | Found a runed translucent gate.
 22679 | D:14     | Noticed metalburner8's ghost (journeyman DrIE)
 23084 | Lair:4   | Reached skill level 17 in Air Magic
 23597 | Orc:1    | Entered Level 1 of the Orcish Mines
 23989 | Orc:1    | Noticed Nergalle
 23999 | Orc:1    | Found Dyst's Distillery.
 24057 | Orc:1    | Bought a potion of haste for 130 gold pieces
 24086 | Orc:1    | Killed Nergalle
 24480 | D:15     | Entered Level 15 of the Dungeon
 24917 | Lair:5   | Reached XP level 15. HP: 74/85 MP: 16/34
 25165 | Lair:5   | Reached skill level 18 in Air Magic
 25277 | Lair:5   | Offered knowledge of Plasma Beam by Vehumet.
 25290 | Lair:5   | Learned a level 6 spell: Plasma Beam
 26005 | Lair:5   | Reached skill level 19 in Air Magic
 26457 | Lair:5   | Identified the +4 trident of Wyrd {freeze, rC++}
 27027 | Orc:2    | Entered Level 2 of the Orcish Mines
 27513 | D:15     | Noticed Louise
 27525 | D:15     | Killed Louise
 27902 | D:15     | Reached skill level 5 in Evocations
 27914 | D:15     | Offered knowledge of Arcjolt by Vehumet.
 28138 | D:15     | Reached XP level 16. HP: 90/90 MP: 35/35
 28200 | D:15     | Reached skill level 20 in Air Magic
 28509 | D:15     | Found a staircase to the Depths.
 28784 | D:15     | Got the Secrets of Obstruction
 28922 | D:15     | Found a portal to a secret trove of treasure.
 29535 | Orc:2    | Found a staircase to the Elven Halls.
 29634 | Orc:2    | Found a runed translucent door.
 29637 | Orc:2    | Noticed Egg's ghost (journeyman OpAl)
 29731 | Orc:2    | Found Zaemm's Antique Weapon Emporium.
 29731 | Orc:2    | Found Duotejij's Armour Boutique.
 29732 | Orc:2    | Found Ixzyxef's General Store.
 29732 | Orc:2    | Found Xeecrig's Book Shoppe.
 29740 | Orc:2    | Bought a +1 hat for 154 gold pieces
 29746 | Orc:2    | Bought the Papyrus of Companions and Metal for 768 gold
                  | pieces
 29747 | Orc:2    | Bought a scroll of identify for 34 gold pieces
 30347 | Spider:1 | Entered Level 1 of the Spider Nest
 30368 | Spider:1 | Reached skill level 10 in Evocations
 30480 | Spider:1 | Reached ****** piety under Vehumet
 30729 | Spider:1 | Noticed Mlioglotl
 30740 | Spider:1 | Killed Mlioglotl
 31336 | Spider:1 | Offered knowledge of Orb of Destruction by Vehumet.
 32242 | Spider:1 | Reached skill level 1 in Staves
 32718 | Swamp:1  | Entered Level 1 of the Swamp
 32730 | Swamp:1  | Slain by a bunyip

Illustrated notes

Levels and vault maps discovered:
D:1:      kilobyte_arrival_exit_the_forest, layout_rooms,
          dreamdust_ecumenical_altar_angels_and_demons
D:2:      layout_loops_cross, basic_altar, uniq_jessica
D:3:      layout_basic, minmay_misc_feat_secret_circle
D:4:      layout_loops_ring, minmay_temple_entry_grid,
          gammafunk_ghost_nasty_kobolds, uniq_crazy_yiuf_cottage
D:5:      layout_loops_ring, grunt_temple_overflow_opulence
D:6:      layout_gridville, gammafunk_temple_overflow_forgotten,
          mainiacjoe_overflow_24_doors
D:7:      layout_basic, chequers_temple_overflow_minitemple,
          lemuel_crystal_altar
D:8:      layout_rooms, nicolae_ru_sacrificial_ziggurat
D:9:      layout_basic, kennysheep_mini, marbit_many_paths, enter_bailey_8
D:10:     layout_cave_pods, overflow_temple_1_default, orc_0_dummy, uniq_snorg
D:11:     layout_rooms, minmay_lair_entry_grove, gammafunk_ghost_spectres,
          minivault_7
D:12:     layout_loops_corners
D:13:     layout_irregular_city, skrybe_vaults_entry_preservation
D:14:     layout_cave_pools, nicolae_gozag_zags_fifth_avenue,
          gammafunk_ghost_icy
D:15:     gammafunk_depths_entry_grave, layout_cave_pools, serial_park_tiny_1,
          nicolae_trove_entry_crossroad, uniq_louise
Temple:   corrupted_temple
Lair:1:   layout_regular_city, hangedman_lair_generics_rect
Lair:2:   layout_roguey, skrybe_swamp_entry_bodies,
          nicolae_spider_entry_non_spiders, hellmonk_ghost_happy_afterlife
Lair:3:   layout_chaotic_city, fungi_pond_lemuel, beast_lair_carwin_7,
          lemuel_fruit_fields, lemuel_fruit_fields
Lair:4:   cheibrodos_magma_flow, layout_regular_city,
          nicolae_slime_entry_field_trip, lemuel_fruit_tree, uniq_urug,
          uniq_sonja
Lair:5:   gammafunk_lair_ancient_temple, layout_gridlike,
          chequers_serial_rivers_micro_e
Swamp:1:  layout_basic_swamp, evilmike_swamp_ruin_house_5
Spider:1: layout_spider_delve, hive_lemuel, uniq_mlioglotl
Orc:1:    layout_caves, serial_shops, shop, uniq_nergalle
Orc:2:    st_orc_ogre_mass, layout_caves, serial_shops, bzr_entry_dummy,
          ebering_ghost_inner_flame

Skill      XL: |  1  2  3  4  5  6  7  8  9 10 11 12 13 14 15 16 |
---------------+-------------------------------------------------+-----
Conjurations   | 2 3 5 7 8 11 14 | 14.0
Air Magic      | 5 6 7 9 10 12 13 14 17 19 20 | 20.0
Spellcasting   | 3 5 6 8 10 13 14 | 14.0
Fighting       | 3 5 6 7 |  7.0
Dodging        | 4 6 8 |  8.2
Stealth        | 4 6 8 |  8.1
Necromancy     | 2 |  2.7
Evocations     | 1 5 12 | 12.0
Fire Magic     | 2 6 7 |  7.0
Staves         | 2 |  2.6

Action                     |  1- 3 |  4- 6 |  7- 9 | 10-12 | 13-15 | 16-18 || total
---------------------------+-------+-------+-------+-------+-------+-------++-------
  Melee: Spear             |    17 |     5 |       |       |       |       ||    22
         Kick              |     1 |     1 |       |     4 |     2 |    11 ||    19
         Peck              |       |     1 |       |     2 |     3 |     8 ||    14
         Hand axe          |       |       |     3 |       |       |       ||     3
         Staff             |       |       |       |     9 |     6 |    34 ||    49
   Cast: Shock             |    59 |   100 |   148 |   326 |   140 |     8 ||   781
         Static Discharge  |     4 |     9 |    42 |    89 |    88 |     9 ||   241
         Swiftness         |       |     1 |       |     5 |     3 |     1 ||    10
         Airstrike         |       |       |    26 |    71 |   140 |    54 ||   291
         Dazzling Flash    |       |       |       |     5 |     3 |     1 ||     9
         Sublimation of Bl |       |       |       |    26 |    43 |    10 ||    79
         Mephitic Cloud    |       |       |       |     1 |     8 |    16 ||    25
         Summon Lightning  |       |       |       |    15 |   117 |    48 ||   180
         Freezing Cloud    |       |       |       |       |    60 |     7 ||    67
         Fireball          |       |       |       |       |    49 |    27 ||    76
         Plasma Beam       |       |       |       |       |    25 |    35 ||    60
Ability: Evoke Invisibilit |       |       |       |       |     2 |     1 ||     3
    Use: Scroll            |       |     3 |     6 |     8 |     7 |     4 ||    28
         Potion            |       |       |     1 |     5 |     4 |     1 ||    11
   Stab: Sleeping          |     1 |       |       |       |       |     1 ||     2
         Invisible         |       |       |       |     2 |       |     1 ||     3
         Distracted        |       |       |       |       |       |     1 ||     1
 Armour: Robe              |    12 |    10 |       |       |       |       ||    22
         Leather armour    |       |     5 |    68 |    45 |       |       ||   118
         Troll leather arm |       |       |       |   143 |    54 |    39 ||   236
         Scale mail        |       |       |       |       |   211 |    25 ||   236
  Dodge: Dodged            |    22 |    11 |    40 |   271 |   300 |   112 ||   756
